Map: Sludge City

Players

LilDicky

  • Race: Terran Terran
  • League: Diamond
  • Spawn Location: 9:00

NoHandsMan

  • Race: Zerg Zerg
  • Spawn Location: 11:00

NJoooo - Winner!

  • Race: Terran Terran
  • Spawn Location: 5:00

BenY - Winner!

  • Race: Protoss Protoss
  • League: Silver
  • Spawn Location: 5:00

VOD

http://www.twitch.tv/tumescentpie

Description

Time

  • Played on: Nov. 28, 2015, 4:05 a.m.
  • Length: 13:28
Show
View Real Time Build Order
Export as new Build Order

LilDicky Terran 

Build Orders:  

Get SALT Encoding   

  12  0:03  SCV  
  13  0:17  SCV  
  14  0:23  Supply Depot  
  14  0:29  SCV  
  15  0:45  SCV  
  15  0:48  Barracks  
  16  0:52  Refinery  
  16  1:03  SCV  
  17  1:15  SCV  
  18  1:28  Refinery  
  18  1:36  Supply Depot  
  18  1:57  Marine, Orbital Command  
  19  2:13  Factory  
  19  2:15  Marine  
  20  2:31  SCV  
  20  2:33  Marine  
  22  2:43  SCV  
  23  2:46  Command Center  
  23  2:51  Reaper  
  24  3:21  Widow Mine  
  25  3:36  SCV  
  25  3:40  Marine  
  27  3:48  SCV  
  28  3:50  Armory, Factory Tech Lab  
  27  4:02  Marine  
  28  4:03  Orbital Command  
  28  4:04  SCV  
  28  4:18  Widow Mine  
  28  4:20  SCV  
  28  4:22  Marine  
  28  4:23  Orbital Command  
  32  4:30  Command Center  
  32  4:42  Bunker x2  
  32  4:46  Bunker  
  32  4:48  SCV  
  32  4:49  SCV  
  32  5:10  Thor  
  38  5:20  Refinery  
  38  5:21  Refinery  
  38  5:25  Starport  
  38  5:27  SCV x2  
  40  5:34  Marine  
  41  5:39  SCV  
  42  5:46  Orbital Command  
  42  5:48  SCV  
  42  5:49  Starport  
  45  6:03  Starport Tech Lab  
  35  6:05  SCV  
  35  6:09  Marine  
  37  6:20  SCV x2  
  37  6:21  Command Center x2  
  39  6:36  Viking  
  39  6:37  Cloaking Field, Raven  
  39  6:39  SCV x2  
  45  6:45  Engineering Bay  
  45  6:46  Marine  
  45  6:50  Supply Depot  
  46  7:04  Marine  
  39  7:30  Banshee  
  39  7:31  SCV, Starport Tech Lab  
  39  7:36  Orbital Command x2  
  43  7:39  Missile Turret  
  43  7:40  Missile Turret, Marine  
  43  7:42  SCV  
  43  7:43  SCV x2, Missile Turret  
  47  7:54  SCV  
  47  7:58  Marine  
  47  8:02  Banshee  
  50  8:09  Command Center  
  50  8:15  Marine  
  50  8:16  Banshee  
  50  8:17  SCV  
  50  8:18  SCV x2  
  57  8:33  Marine  
  58  8:38  Supply Depot  
  58  8:40  Supply Depot  
  58  8:43  SCV  
  58  8:44  SCV x3  
  58  8:45  Banshee  
  65  8:54  Starport  
  65  8:55  SCV  
  65  8:56  SCV, Missile Turret  
  65  8:59  Banshee, Starport, Orbital Command  
  70  9:15  Missile Turret  
  70  9:17  Missile Turret  
  64  9:34  Banshee, Viking  
  67  9:42  Viking  
  69  9:59  Starport Reactor  
  69  10:00  Armory  
  69  10:01  Armory  
  69  10:06  Refinery, Orbital Command  
  66  10:16  Refinery  
  66  10:18  Factory  
  66  10:20  Terran Vehicle And Ship Armor Level 1  
  63  10:34  Banshee x2  
  63  10:35  Viking x3  
  65  11:05  Viking x3  
  71  11:14  Terran Vehicle Weapons Level 1  
  71  11:15  Terran Ship Weapons Level 1  
  71  11:17  Supply Depot, Viking x2  
  71  11:18  Supply Depot, Factory Reactor  
  75  11:22  Refinery  
  75  11:23  Refinery  
  75  11:29  Marine  
  76  11:35  Viking x3  
  82  11:47  Banshee, Viking  
  87  12:04  Viking  
  87  12:05  Viking x2  
  75  12:17  Banshee  
  75  12:21  Command Center  
  65  12:26  Command Center  
  65  12:29  Hellion  
  65  12:30  Banshee, Hellion  
  65  12:34  Command Center, Viking  
  65  12:35  Viking  
Show
View Real Time Build Order
Export as new Build Order

NoHandsMan Zerg 

Build Orders: Hatch First, Lurkers 

Get SALT Encoding   

  12  0:02  Drone  
  13  0:13  Overlord  
  13  0:18  Drone  
  14  0:36  Drone x2  
  14  0:37  Drone  
  17  0:58  Hatchery  
  17  1:02  Drone x2  
  18  1:10  Extractor  
  17  1:18  Spawning Pool  
  17  1:21  Drone  
  17  1:24  Drone  
  18  1:33  Drone  
  19  1:41  Overlord  
  19  1:52  Drone  
  20  2:07  Queen  
  22  2:12  Queen  
  22  2:14  Zergling x2  
  25  2:20  Metabolic Boost  
  25  2:28  Drone x3  
  28  2:30  Drone  
  29  2:40  Extractor  
  27  2:58  Drone x5  
  30  3:06  Drone  
  31  3:30  Roach Warren  
  30  3:38  Drone  
  30  3:39  Drone x5  
  36  3:43  Overlord  
  36  3:44  Overlord x2  
  36  3:56  Lair  
  36  3:59  Hatchery  
  36  4:00  Drone  
  37  4:02  Drone  
  37  4:03  Drone x4  
  41  4:14  Extractor  
  41  4:16  Extractor  
  41  4:17  Roach x4  
  47  4:32  Roach x2  
  51  4:46  Roach  
  51  4:47  Spore Crawler, Roach x4  
  51  4:52  Overlord x2  
  60  4:53  Overlord  
  60  5:08  Glial Reconstitution  
  60  5:15  Hydralisk Den  
  60  5:16  Roach x5  
  60  5:19  Queen  
  71  5:26  Roach x3  
  77  5:39  Burrow  
  77  5:41  Roach  
  77  5:42  Roach x4  
  87  5:46  Lurker Den  
  87  6:01  Drone  
  87  6:02  Drone x2  
  90  6:05  Overlord x2  
  90  6:25  Hydralisk x4  
  90  6:29  Evolution Chamber  
  90  6:30  Evolution Chamber  
  90  6:32  Drone x3  
  97  6:35  Drone  
  93  6:55  Overseer  
  93  6:56  Overseer  
  93  6:59  Queen  
  93  7:08  Hydralisk  
  93  7:09  Hydralisk  
  97  7:22  Drone x5  
  102  7:36  Spore Crawler  
  99  7:44  Zerg Missile Weapons Level 1  
  99  7:45  Zerg Ground Armor Level 1  
  99  7:51  Lurker x4  
  92  7:57  Drone x5  
  98  8:05  Drone  
  98  8:06  Drone x3  
  102  8:24  Hatchery  
  102  8:26  Lurker x2  
  103  8:28  Overlord  
  103  8:29  Overlord  
  103  8:36  Extractor  
  103  8:38  Extractor  
  101  8:58  Muscular Augments  
  101  9:01  Hydralisk  
  101  9:02  Hydralisk x8  
  117  9:26  Hydralisk  
  117  9:27  Hydralisk  
  117  9:29  Overlord x2  
  117  9:30  Overlord  
  115  9:47  Hydralisk  
  115  9:48  Hydralisk x6  
  129  10:05  Queen  
  129  10:16  Lurker x3  
  129  10:17  Lurker x5  
  92  10:42  Hydralisk  
  92  10:43  Hydralisk x10  
  100  11:04  Hydralisk  
  100  11:05  Hydralisk x4  
  107  11:29  Roach x5  
  107  11:30  Roach x5  
  79  12:12  Roach  
  79  12:13  Roach x20  
  79  12:14  Roach x5  
  91  12:51  Hydralisk x6  
  91  12:52  Hydralisk x4  
Show
View Real Time Build Order
Export as new Build Order

NJoooo Terran - Winner!

Build Orders: Mech 

Get SALT Encoding   

  12  0:00  SCV  
  13  0:13  SCV  
  14  0:27  SCV  
  15  0:29  Supply Depot  
  15  0:54  Barracks  
  15  0:56  SCV  
  16  0:57  Refinery  
  16  1:02  Supply Depot  
  16  1:05  Refinery  
  16  1:09  SCV  
  17  1:22  SCV  
  18  1:34  SCV  
  19  1:42  Reaper  
  19  1:46  SCV  
  21  2:01  SCV, Factory  
  22  2:19  Orbital Command  
  22  2:22  Barracks Reactor  
  22  2:28  Command Center  
  22  2:57  SCV  
  23  2:59  Hellion  
  25  3:11  SCV  
  26  3:22  Factory  
  26  3:23  SCV  
  26  3:33  Hellion x2  
  30  3:40  SCV  
  31  3:41  Barracks Tech Lab  
  31  3:45  Starport  
  31  3:54  Factory  
  31  4:10  Orbital Command  
  31  4:25  Starport Tech Lab  
  31  4:29  Supply Depot  
  31  4:35  Hellion x2  
  35  4:38  SCV x2  
  37  4:57  Factory Tech Lab, Siege Tank  
  37  4:59  Cloaking Field  
  40  5:00  Banshee  
  40  5:04  SCV x2  
  45  5:09  Engineering Bay  
  45  5:13  Armory  
  45  5:16  SCV  
  45  5:17  SCV  
  47  5:21  Siege Tank  
  47  5:25  Supply Depot  
  50  5:29  SCV, Siege Tank  
  54  5:47  SCV x2  
  54  5:49  Supply Depot  
  56  5:59  SCV x2  
  58  6:04  Armory  
  58  6:07  Banshee  
  61  6:11  SCV x2, Supply Depot  
  61  6:13  Hellion x3  
  61  6:17  Refinery  
  61  6:18  Supply Depot, Refinery  
  69  6:40  Supply Depot  
  69  6:50  Raven  
  71  7:12  Supply Depot  
  66  7:36  Supply Depot  
  66  7:38  Terran Vehicle And Ship Armor Level 1, Terran Vehicle Weapons Level 1  
  66  7:39  Hellion x2  
  66  7:40  Hellion x2  
  74  7:48  Command Center  
  74  8:01  Hellion x3  
  80  8:11  Siege Tank  
  83  8:15  Supply Depot  
  83  8:17  Supply Depot  
  83  8:22  Hellion x3  
  89  8:28  Command Center  
  89  8:31  Barracks Tech Lab  
  89  8:32  Supply Depot, Factory  
  89  8:35  Raven  
  91  8:43  Supply Depot  
  91  8:45  SCV x2  
  93  8:48  Infernal Pre-Igniter  
  93  8:54  Hellion x2, Siege Tank x2  
  103  8:57  SCV  
  103  9:02  Supply Depot, Orbital Command  
  104  9:05  SCV  
  104  9:09  SCV  
  106  9:16  Hellion  
  108  9:17  SCV  
  107  9:25  Supply Depot  
  107  9:43  Hellion x2, Siege Tank  
  107  9:44  Hellion  
  115  9:53  Viking  
  114  10:05  Hellion  
  116  10:31  Hellion  
  116  10:33  Hellion, Siege Tank  
  116  10:34  Hellion x2  
  125  10:37  Factory  
  125  10:42  Factory  
  122  10:55  Hellion x3  
  128  11:05  Siege Tank  
  128  11:10  SCV x3  
  134  11:16  Hellion x3  
  140  11:22  SCV x3  
  143  11:34  SCV x2  
  143  11:37  Hellion x2  
  139  11:43  Siege Tank x2  
  145  11:59  Siege Tank  
  123  12:15  Siege Tank x2  
  107  12:20  Hellion x4  
  115  12:31  Siege Tank  
  115  12:37  Refinery  
  118  12:38  Refinery  
  118  12:41  Hellion  
  118  12:42  Hellion  
  122  12:47  Siege Tank x2  
  130  13:00  Starport  
  141  13:13  Supply Depot x2  
  141  13:16  Supply Depot  
Show
View Real Time Build Order
Export as new Build Order

BenY Protoss - Winner!

Build Orders: 1 Gate Expand 

Get SALT Encoding   

  12  0:01  Probe (Chrono Boost)  
  13  0:11  Probe (Chrono Boost)  
  14  0:22  Probe (Chrono Boost)  
  15  0:33  Pylon  
  15  0:51  Probe (Chrono Boost)  
  15  0:54  Gateway  
  16  1:02  Probe (Chrono Boost)  
  17  1:06  Forge  
  17  1:08  Pylon  
  17  1:12  Probe (Chrono Boost)  
  18  1:23  Probe (Chrono Boost)  
  19  1:41  Nexus  
  19  1:52  Zealot (Chrono Boost)  
  19  1:54  Photon Cannon  
  21  2:02  Pylon  
  21  2:05  Probe  
  22  2:15  Cybernetics Core  
  22  2:17  Probe (Chrono Boost)  
  23  2:23  Assimilator  
  23  2:28  Assimilator  
  24  2:30  Probe (Chrono Boost)  
  24  2:40  Photon Cannon  
  24  2:53  Probe (Chrono Boost)  
  25  3:04  Probe (Chrono Boost)  
  26  3:14  Probe (Chrono Boost)  
  26  3:16  Pylon  
  26  3:18  Warp Gate (Chrono Boost)  
  27  3:23  Mothership Core  
  27  3:26  Probe  
  30  3:38  Gateway, Probe  
  31  3:42  Probe  
  32  3:50  Probe  
  32  3:52  Robotics Facility  
  32  3:53  Probe  
  29  4:03  Probe  
  29  4:05  Photon Cannon  
  30  4:38  Pylon  
  30  4:55  Immortal (Chrono Boost)  
  34  5:07  Stalker x2  
  38  5:26  Photon Cannon  
  38  5:31  Stalker x2  
  38  5:34  Observer (Chrono Boost)  
  43  5:37  Gateway  
  43  5:39  Gateway  
  43  5:48  Pylon  
  43  6:09  Probe (Chrono Boost)  
  44  6:19  Probe (Chrono Boost)  
  44  6:21  Probe (Chrono Boost)  
  46  6:29  Probe (Chrono Boost)  
  46  6:30  Probe (Chrono Boost)  
  48  6:39  Immortal (Chrono Boost)  
  52  6:41  Probe x2  
  54  6:50  Assimilator  
  54  6:52  Probe (Chrono Boost)  
  54  6:53  Probe (Chrono Boost), Pylon, Assimilator  
  56  7:05  Stalker, Probe (Chrono Boost)  
  56  7:07  Stalker  
  61  7:15  Probe (Chrono Boost)  
  62  7:23  Robotics Bay  
  62  7:26  Probe (Chrono Boost)  
  63  7:33  Stalker x2  
  63  7:36  Probe (Chrono Boost)  
  68  7:47  Probe (Chrono Boost)  
  69  8:10  Gateway  
  69  8:12  Gateway, Extended Thermal Lance (Chrono Boost)  
  69  8:14  Gateway, Pylon  
  69  8:15  Pylon  
  69  8:16  Gateway  
  69  8:21  Stalker x3  
  75  8:34  Colossus (Chrono Boost)  
  75  8:40  Probe (Chrono Boost)  
  82  8:49  Photon Cannon  
  82  8:50  Probe (Chrono Boost)  
  82  8:51  Photon Cannon  
  83  9:00  Pylon  
  83  9:01  Probe (Chrono Boost)  
  83  9:02  Pylon  
  84  9:24  Nexus  
  80  9:52  Stalker x2  
  82  9:53  Stalker x2  
  86  10:33  Protoss Ground Weapons Level 1 (Chrono Boost)  
  86  10:37  Stalker x4  
  86  10:38  Colossus (Chrono Boost)  
  92  11:16  Stalker x7  
  105  11:41  Observer (Chrono Boost)  
  105  11:46  Robotics Facility  
  106  12:00  Observer (Chrono Boost)  
  99  12:29  Probe  
  99  12:33  Assimilator  
  99  12:35  Assimilator  
  100  12:40  Probe  
  101  12:47  Pylon  
  101  12:50  Probe  
  101  12:51  Pylon  
  113  12:52  Stalker x4, Pylon  
  113  12:53  Stalker x2  
  113  12:54  Stalker x2  
  113  12:58  Twilight Council  
  130  13:01  Probe  
  131  13:07  Probe x2  
  131  13:11  Probe  
Tags
 
Add a new tag
Caveats
  • Supply blocks, unpowered buildings, or Contaminate may cause inaccurate times.
  • Supply counts are checked every 10 seconds.